 Dungeon Crawl Stone Soup version 0.30-a0-23-ge60ba3568b (webtiles) character file.

Game seed: 7780912159255854790

189 xian the Conjurer (level 5, -3/24 HPs)
             Began as a Vine Stalker Conjurer on Aug 26, 2022.
             Was a Follower of the Shining One.
             Slain by Edmund
             ... wielding a +0 vorpal flail
              (4 damage)
             ... on level 4 of the Dungeon.
             The game lasted 00:09:36 (3355 turns).

xian the Conjurer (Vine Stalker Conjurer)           Turns: 3355, Time: 00:09:36

Health: -3/24      AC:  5    Str:  9    XL:     5   Next: 68%
Magic:  0/11       EV: 11    Int: 20    God:    the Shining One [*.....]
Gold:   147        SH:  0    Dex: 13    Spells: 4/11 levels left

rFire   . . .      SeeInvis .    m - +0 dagger
rCold   . . .      Faith    .    (no shield)
rNeg    . . .      Spirit   +    j - +0 leather armour
rPois   .          Reflect  .    (no helmet)
rElec   .          Harm     .    i - +1 cloak
rCorr   .          Rampage  .    (no gloves)
Will    .....                    (no boots)
Stlth   +.........               (no amulet)
HPRegen 0.88/turn                (no ring)
MPRegen 0.12/turn                (no ring)

@: glowing
A: fangs 2, regeneration 1, magic shield, antimagic bite, no potion heal 2
a: Renounce Religion, Divine Shield


You were on level 4 of the Dungeon.
You worshipped the Shining One.
The Shining One was aware of your devotion.
You visited 1 branch of the dungeon, and saw 4 of its levels.

You collected 147 gold pieces.

Inventory:

Hand Weapons
 m - a +0 dagger (weapon)
Armour
 d - an orb of energy
 i - a +1 cloak (worn)
 j - a +0 leather armour (worn)
 q - an orb of mayhem
Scrolls
 a - a scroll of fear {unknown}
 e - a scroll of acquirement {unknown}
 f - a scroll of teleportation {unknown}
 h - 2 scrolls of magic mapping
 o - 3 scrolls of enchant armour
 p - a scroll of immolation {unknown}
Potions
 c - a potion of might {unknown}
 g - a potion of degeneration {unknown}
 k - a potion of heal wounds {unknown}
 l - a potion of curing {unknown}
 n - a potion of flight {unknown}


   Skills:
 + Level 1.0 Armour
 + Level 1.7 Dodging
 + Level 2.7 Stealth
 + Level 3.6 Spellcasting
 + Level 5.3 Conjurations
 * Level 1.1 Evocations


You had 4 spell levels left.
You knew the following spells:

 Your Spells              Type           Power      Damage    Failure   Level
a - Magic Dart            Conj           100%       1d8       1%          1
b - Searing Ray           Conj           50%        2d6       3%          2
c - Iskenderun's Mystic   Conj/Tloc      14%        2d5       52%         4

Your spell library contained the following spells:

 Spells                   Type           Power      Damage    Failure   Level
 Dazzling Flash           Conj/Hex       28%        N/A       19%         3
 Fulminant Prism          Conj/Hex       7%         3d7       52%         4


Dungeon Overview and Level Annotations

Branches:
Dungeon (4/15)
 Temple: D:4-7

Altars:
The Shining One

Annotations:
D:4 Edmund


Innate Abilities, Weirdness & Mutations

You have extremely sharp teeth.
Your natural rate of healing is unusually fast.
When hurt, damage is shared between your health and your magic reserves.
Your bite disrupts and absorbs the magic of your enemies.
Potions cannot restore your health.


Message History

Confirm with . or Enter, or press ? or * to list all spells.
Restarting spell: Searing Ray (safe; 3% risk of failure)
Press: ? - help, Shift-Dir - straight line, p - hound The searing ray hits the hound.
You kill the hound! (Press . to maintain the ray.)
The searing ray misses Edmund.
The searing ray hits Edmund.
Edmund is lightly wounded.
You finish channelling your searing ray.
Edmund says, "People will remember me!
They'll remember me and die!"
Edmund says, "Everyone always remembers my brother. 'Who's Edmund?' they ask!"
Edmund attacks as you move away! Edmund hits you with a +0 vorpal flail!
Edmund asks, "Have you met my wondrous brother?"
Edmund attacks as you move away! Edmund hits you with a +0 vorpal flail.
Edmund attacks as you move away! Edmund hits you with a +0 vorpal flail.
* * * LOW HITPOINT WARNING * * *
x2 Magic courses through your body.
Edmund asks, "Have you met my wondrous brother?"
Edmund closely misses you.
Casting: Searing Ray (safe; 3% risk of failure)
Confirm with . or Enter, or press ? or * to list all spells.
Aiming: Searing Ray (safe; 3% risk of failure)
Press: ? - help, Shift-Dir - straight line, f - Edmund
Aim: Edmund, wielding a +0 vorpal flail and wearing a +0 leather armour (lightly wounded, haloed, 85% to hit)
The searing ray hits Edmund!
Edmund is moderately wounded. (Press . to maintain the ray.) Edmund hits you with a +0 vorpal flail!
* * * LOW HITPOINT WARNING * * *
The searing ray hits Edmund!
Edmund is heavily wounded.
Edmund barely misses you.
The searing ray hits Edmund.
Edmund is heavily wounded.
Edmund hits you with a +0 vorpal flail.
* * * LOW HITPOINT WARNING * * *
x2 Without enough magic to sustain it, your searing ray dissipates.
Edmund hits you with a +0 vorpal flail.
You die...

...... #...# ##...#
#..# # #.# #
#.##.#####.# #.
#...<......#.. ##.#
#.#####.##.#..
#...####.#####.##.#..
#.@@....)..#.##.#..
#...####.###.#.##.#..
#### #.# #.........
#.# ###.##.#). #.#
#.##.... #.#
###.##..## #..
........# ###
######..# #.>#


You could see Edmund.

Vanquished Creatures
  A hound (D:4)
  An iguana (D:4)
  4 adders
  4 gnolls (D:2)
  2 worms
  A dart slug (D:1)
  7 endoplasms
  2 giant cockroaches
  7 goblins
  2 hobgoblins
  2 jackals (D:2)
  3 kobolds
  3 quokkas
  6 ball pythons
  4 bats
  2 frilled lizards (D:1)
  4 rats
55 creatures vanquished.

Vanquished Creatures (others)
  A fungus (D:3)
1 creature vanquished.

Grand Total: 56 creatures vanquished

Notes
Turn   | Place    | Note
-------+----------+-------------------------------------------
     0 | D:1      | xian the Vine Stalker Conjurer began the quest for the Orb.
     0 | D:1      | Reached XP level 1. HP: 9/9 MP: 4/4
   209 | D:1      | Reached XP level 2. HP: 13/13 MP: 4/6
   399 | D:1      | Learned a level 2 spell: Searing Ray
  1047 | D:2      | Reached XP level 3. HP: 16/16 MP: 2/8
  1156 | D:2      | Gained mutation: Your natural rate of healing is unusually
                  | fast. [Vine Stalker growth]
  1156 | D:2      | Reached XP level 4. HP: 4/21 MP: 5/9
  1157 | D:2      | Reached skill level 5 in Conjurations
  1345 | D:2      | Reached skill level 1 in Evocations
  1819 | D:2      | Learned a level 4 spell: Iskenderun's Mystic Blast
  2288 | D:3      | Found a faded altar of an unknown god.
  2296 | D:3      | Prayed at the altar of an unknown god.
  2296 | D:3      | Became a worshipper of the Shining One
  2296 | D:3      | Reached * piety under the Shining One
  2753 | D:3      | Reached XP level 5. HP: 24/24 MP: 9/11
  3185 | D:4      | Reached skill level 1 in Armour
  3336 | D:4      | Noticed Edmund
  3354 | D:4      | HP: 1/24 [Edmund/+0 vorpal flail (1)]
  3355 | D:4      | Slain by Edmund

Illustrated notes

Levels and vault maps discovered:
D:1:      wander_arrival_lonely_grave, layout_loops_ring
D:2:      layout_basic, minivault_23
D:3:      layout_loops_cross, shapermc_ecumenical_altar_rom_forum,
          grunt_decor_arrowhead
D:4:      layout_loops_ring, kennysheep_doodads, uniq_edmund

Skill      XL: |  1  2  3  4  5 |
---------------+----------------+-----
Conjurations   | 5 |  5.3
Evocations     | 1 |  1.1
Spellcasting   | 3 |  3.6
Armour         | 1 |  1.0
Dodging        | |  1.7
Stealth        | |  2.7

Action                   |  1- 3 |  4- 6 || total
-------------------------+-------+-------++-------
Melee: Unarmed           |    11 |       ||    11
       Bite              |     6 |       ||     6
       Short sword       |       |     2 ||     2
       Dagger            |       |     1 ||     1
 Cast: Magic Dart        |    33 |    62 ||    95
       Searing Ray       |     3 |    10 ||    13
  Use: Potion            |     1 |     1 ||     2
       Scroll            |       |     2 ||     2
Armor: Robe              |     6 |     1 ||     7
       Leather armour    |       |     1 ||     1
Dodge: Dodged            |    14 |    17 ||    31

Table legend: (Time is in decaauts)
 A = Elapsed time spent in this place.
 B = Non-inter-level travel time spent in this place.
 C = Inter-level travel time spent in this place.
 D = Time resting spent in this place.
 E = Time spent auto-exploring this place.
 F = Levels seen in this place.
 G = Mean time per level.
                   A        B        C        D        E       F      G
               +--------+--------+--------+--------+--------+-----+--------+
         Total |   3353 |   3284 |     69 |      0 |   2898 |   4 |  838.2 |
       Dungeon |   3353 |   3284 |     69 |      0 |   2898 |   4 |  838.2 |
               +--------+--------+--------+--------+--------+-----+--------+

Top non-repeatable levels by time:
     D:2: 1430 daAuts
     D:1: 835 daAuts
     D:3: 791 daAuts
     D:4: 296 daAuts
